 Dungeon Crawl Stone Soup version 0.26.1-2-gb8aa6d0cf2 (webtiles) character file.

Game seed: 14251145178361611562

406580 tardwrangler69 the Hoplite (level 22, -6/209 HPs)
             Began as a Minotaur Fighter on Mar 28, 2021.
             Was a High Priest of Okawaru.
             Killed from afar by a Brimstone Fiend (37 damage)
             ... with damnation
             ... created by a Zot trap
             ... on level 3 of the Vaults.
             The game lasted 01:46:31 (55756 turns).

tardwrangler69 the Hoplite (Minotaur Fighter)      Turns: 55756, Time: 01:46:31

Health: -6/209     AC: 23    Str: 30 (37) XL:     22   Next: 6%
Magic:  25/27      EV: 22    Int:  5      God:    Okawaru [*****.]
Gold:   7360       SH: 35    Dex: 16 (17) Spells: 21/21 levels left

rFire    + + .     SeeInvis .   h - +6 broad axe (elec)
rCold    + . .     Faith    .   A - +2 tower shield
rNeg     + . .     Spirit   .   O - +0 plate armour of Dishonesty {rC+ Will- Str+4 Slay+3} (curse)
rPois    +         Reflect  +   T - +0 hat of Keah {rPois rF+ rCorr Str+4}
rElec    +         Harm     .   g - +1 cloak "Morucs" {rElec rCorr Str+3}
rCorr    +         Rampage  .   L - -1 pair of gloves of Lifal {rF+ rN+}
Will     ++...     Rnd*Tele +   X - +0 pair of boots of the Wasteland {Will+ Dex+4}
Stlth    ..........             E - amulet of reflection
HPRegen  0.44/turn              b - +4 ring of slaying
MPRegen  0.20/turn              U - ring of willpower

@: heroism, very slightly contaminated, invisible
A: retaliatory headbutt, horns 2, deformed body, deterioration 1, teleportitis
1, weak 1
}: 3/15 runes: decaying, abyssal, gossamer
a: Renounce Religion, Heroism, Finesse


You were on level 3 of the Vaults.
You worshipped Okawaru.
Okawaru was extremely pleased with you.
You visited 8 branches of the dungeon, and saw 38 of its levels.
You visited the Abyss 1 time.
You also visited: Trove, Ossuary and Ice Cave.

You collected 8490 gold pieces.
You spent 1130 gold pieces at shops.

Inventory:

Hand Weapons
 h - a +6 broad axe of electrocution (weapon)
 k - a +0 vampiric broad axe
 W - a +2 antimagic broad axe
Missiles
 B - 5 silver javelins (quivered)
Armour
 c - the +0 hat "Forget-Me-Not" {Harm rF- Int+7}
   (Okawaru gifted it to you on level 2 of the Orcish Mines)

   It affects your intelligence (+7).
   It makes you vulnerable to fire.
   It increases damage dealt and taken.
 g - the +1 cloak "Morucs" (worn) {rElec rCorr Str+3}
   (Okawaru gifted it to you on level 2 of the Lair of Beasts)

   It affects your strength (+3).
   It insulates you from electricity.
   It provides partial protection from all sources of acid and corrosion.
 o - a +0 plate armour
 s - the +1 pair of boots of Fun and Games {+Blink rN+}
   (Okawaru gifted it to you on level 14 of the Dungeon)

   It protects you from negative energy.
   It lets you blink.
 A - a +2 tower shield (worn)
 L - the -1 pair of gloves of Lifal (worn) {rF+ rN+}
   (Okawaru gifted it to you on level 15 of the Dungeon)

   It protects you from fire.
   It protects you from negative energy.
 O - the cursed +0 plate armour of Dishonesty (worn) {rC+ Will- Str+4 Slay+3}
   (You found it on level 2 of the Vaults)

   It affects your strength (+4).
   It affects your accuracy and damage with ranged weapons and melee attacks
   (+3).
   It protects you from cold.
   It affects your willpower, your defense against some magical effects.
   It has a curse placed upon it.
 Q - the +10 tower shield of Ignorance {rN+ Int-4}
   (Okawaru gifted it to you on level 6 of the Lair of Beasts)

   It affects your intelligence (-4).
   It protects you from negative energy.
 T - the +0 hat of Keah (worn) {rPois rF+ rCorr Str+4}
   (You found it on level 1 of the Lair of Beasts)

   It affects your strength (+4).
   It protects you from fire.
   It protects you from poison.
   It provides partial protection from all sources of acid and corrosion.
 V - the +0 pair of boots of Immorality {+Blink rN+ Str+8 Int-3}
   (Okawaru gifted it to you on level 3 of the Swamp)

   It affects your strength (+8).
   It affects your intelligence (-3).
   It protects you from negative energy.
   It lets you blink.
 X - the +0 pair of boots of the Wasteland (worn) {Will+ Dex+4}
   (Okawaru gifted it to you on level 1 of the Swamp)

   It affects your dexterity (+4).
   It affects your willpower, your defense against some magical effects.
Jewellery
 b - a +4 ring of slaying (left hand)
 j - a +4 ring of evasion
 m - an uncursed ring of see invisible
 q - an uncursed ring of flight
 x - an uncursed ring of protection from cold
 E - an amulet of reflection (around neck)
 K - an uncursed ring of protection from fire
 S - a +6 ring of strength
 U - a ring of willpower (right hand)
Wands
 F - a wand of acid (26)
 P - a wand of digging (8)
Scrolls
 a - a scroll of enchant weapon
 e - 7 scrolls of blinking
 f - 34 scrolls of identify
 i - a scroll of fog
 t - a scroll of summoning
 u - a scroll of brand weapon
 v - 5 scrolls of fear
 z - 17 scrolls of remove curse
 C - 2 scrolls of magic mapping
 H - 6 scrolls of teleportation
 J - 6 scrolls of immolation
 Y - a scroll of silence
 Z - 5 scrolls of enchant armour
Potions
 d - 6 potions of might
 l - 19 potions of curing
 n - 8 potions of haste
 p - 5 potions of lignification
 r - 3 potions of berserk rage
 w - 2 potions of cancellation
 D - 5 potions of heal wounds
 G - 7 potions of mutation
 M - 8 potions of flight
 N - 2 potions of resistance
 R - 6 potions of ambrosia


   Skills:
 + Level 20.0(25.0) Fighting
 + Level 20.0(25.0) Axes
 + Level 20.6(25.6) Armour
 - Level 15.0(20.0) Dodging
 - Level 25.0(27) Shields
 - Level 8.0 Invocations


You had 21 spell levels left.
You didn't know any spells.
Your spell library contained the following spells:

 Spells                   Type           Power        Failure   Level
 Animate Skeleton         Necr           0%           85%         1
 Apportation              Tloc           0%           85%         1
 Beastly Appendage        Tmut           0%           85%         1
 Corona                   Hex            0%           85%         1
 Foxfire                  Conj/Fire      0%           85%         1
 Freeze                   Ice            0%           85%         1
 Magic Dart               Conj           0%           85%         1
 Summon Small Mammal      Summ           0%           85%         1
 Blink                    Tloc           N/A          94%         2
 Call Imp                 Summ           0%           94%         2
 Ensorcelled Hibernation  Hex/Ice        0%           94%         2
 Passwall                 Tmut/Erth      0%           94%         2
 Searing Ray              Conj           0%           94%         2
 Slow                     Hex            0%           94%         2
 Swiftness                Air            0%           94%         2
 Wereblood                Tmut           0%           94%         2
 Call Canine Familiar     Summ           0%           99%         3
 Confusing Touch          Hex            0%           99%         3
 Conjure Flame            Conj/Fire      0%           99%         3
 Dazzling Flash           Conj/Hex       0%           99%         3
 Frozen Ramparts          Ice            0%           99%         3
 Gell's Gravitas          Tloc           0%           99%         3
 Inner Flame              Hex/Fire       0%           99%         3
 Lesser Beckoning         Tloc           0%           99%         3
 Mephitic Cloud           Conj/Pois/Air  0%           99%         3
 Ozocubu's Armour         Ice            0%           99%         3
 Portal Projectile        Hex/Tloc       0%           99%         3
 Spider Form              Tmut/Pois      0%           99%         3
 Static Discharge         Conj/Air       0%           99%         3
 Summon Guardian Golem    Hex/Summ       0%           99%         3
 Teleport Other           Tloc           0%           99%         3
 Tukima's Dance           Hex            0%           99%         3
 Animate Dead             Necr           0%           100%        4
 Hailstorm                Conj/Ice       0%           100%        4
 Ice Form                 Ice/Tmut       0%           100%        4
 Iskenderun's Mystic Bla  Conj/Tloc      0%           100%        4
 Leda's Liquefaction      Hex/Erth       0%           100%        4
 Passage of Golubria      Tloc           N/A          100%        4
 Petrify                  Tmut/Erth      0%           100%        4
 Sticky Flame             Conj/Fire      0%           100%        4
 Summon Ice Beast         Ice/Summ       0%           100%        4
 Summon Lightning Spire   Summ/Air       0%           100%        4
 Blade Hands              Tmut           0%           100%        5
 Bolt of Magma            Conj/Fire/Erth 0%           100%        5
 Borgnjor's Vile Clutch   Necr/Erth      0%           100%        5
 Fireball                 Conj/Fire      0%           100%        5
 Irradiate                Conj/Tmut      0%           100%        5
 Iskenderun's Battlesphe  Conj           0%           100%        5
 Lee's Rapid Deconstruct  Erth           0%           100%        5
 Metabolic Englaciation   Hex/Ice        0%           100%        5
 Silence                  Hex/Air        0%           100%        5
 Summon Demon             Summ           0%           100%        5
 Yara's Violent Unravell  Hex/Tmut       0%           100%        5
 Conjure Ball Lightning   Conj/Air       0%           100%        6
 Death Channel            Necr           0%           100%        6
 Dispersal                Tloc           0%           100%        6
 Freezing Cloud           Conj/Ice/Air   0%           100%        6
 Hydra Form               Tmut           0%           100%        6
 Invisibility             Hex            0%           100%        6
 Iron Shot                Conj/Erth      0%           100%        6
 Simulacrum               Ice/Necr       0%           100%        6
 Statue Form              Tmut/Erth      0%           100%        6
 Dragon Form              Tmut           0%           100%        7
 Orb of Destruction       Conj           0%           100%        7
 Spellforged Servitor     Conj/Summ      0%           100%        7
 Disjunction              Tloc           0%           100%        8
 Shatter                  Erth           0%           100%        9
 Tornado                  Air            0%           100%        9


Dungeon Overview and Level Annotations

Branches:
Dungeon (15/15)            Temple (1/1) D:6            Lair (6/6) D:8
  Swamp (4/4) Lair:2       Spider (4/4) Lair:3        Slime (0/5) Lair:5
    Orc (2/2) D:10            Elf (3/3) Orc:2        Vaults (3/5) D:14
  Crypt (0/3) Vaults:3     Depths (0/5) D:15        Ossuary (visited)
  IceCv (visited)

Altars:
Ashenzari
Cheibriados
Dithmenos
Elyvilon
Fedhas
Gozag
Hepliaklqana
Kikubaaqudgha
Makhleb
Nemelex Xobeh
Okawaru
Qazlal
Ru
Sif Muna
Trog
Uskayaw
Vehumet
Wu Jian
Xom
Yredelemnul
Zin
The Shining One
Beogh
Jiyva

Shops:
D:5 [   D:8 (}[!   D:9 *   Orc:2 [[((   Vaults:2 *   Vaults:3 *

Annotations:
Lair:1 exclusion: 2 oklob plants
Lair:4 3 runed translucent doors, Qaduevar's ghost, journeyman GrFE
Orc:2 exclusion: upstairs
Elf:2 6 runed translucent doors
Vaults:3 1 transporter


Innate Abilities, Weirdness & Mutations

You reflexively headbutt those who attack you in melee.
You have a pair of horns on your head.
Armour fits poorly on your strangely shaped body.
Your body sometimes deteriorates upon taking damage.
You are occasionally teleported next to monsters.
You are weak. (Str -2)


Message History

The Brimstone Fiend gestures at you.
The sphere of damnation explodes!
The damnation engulfs you!!!
* * * LOW HITPOINT WARNING * * *
Your body deteriorates!
You feel weakened.
You feel much better.
The Brimstone Fiend calls on the powers of darkness!
The brown ugly thing convulses!
Your body is wracked with pain!
* * * LOW HITPOINT WARNING * * *
You gain the combat prowess of a mighty hero.
You block the brown ugly thing's attack.
You strike the helpless brown ugly thing from behind!
You slice the brown ugly thing!!
Lightning courses through the brown ugly thing!
You kill the brown ugly thing!
Okawaru accepts your kill.
You slice the Brimstone Fiend!!
The Brimstone Fiend is moderately wounded.
The Brimstone Fiend gestures at you.
The sphere of damnation explodes!
The damnation engulfs you!!!
You die...

...# #.#
##..^...^.^..##
#.# #. ...# #.#
##.#.#^#^#^#.#
#.# #. ...# #.#
#^.#.......# ^
#.# #. ...# #.#
##.#.......#.#
#.# #. ...# #.#
##.^.^.^^^.# #.#
#. #### #.##
#.^.^.^^..# ##.#
#. #..##
##..^^^..## ##..#
#. ##..#
###1#+### #..##
#. ##.##
#}^=@|^=# ##.##
#. #..# #^!^[^$^#
#..# #. ##.#
#=^?©?^?# #.## #.
#.# ######### #.#
#. #.# #######
#.# #.
#.#############.#
#.
#.......©....=..#
#.
#######...#######
#. ##### #.


You could see a Brimstone Fiend.

Vanquished Creatures
  Frederick (Vaults:2)
  Margery (Vaults:2)
  Bai Suzhen (Vaults:2)
  Arachne (Spider:4)
  2 bone dragons
  A tentacled monstrosity (Vaults:3)
  An Ice Fiend (IceCv)
  2 deep elf blademasters (Elf:3)
  3 deep elf master archers (Elf:3)
  A sphinx (Vaults:3)
  Kirke (Swamp:4)
  A thorn hunter (Swamp:2)
  Donald (Swamp:2)
  A tengu reaver (Vaults:2)
  A fire giant (Vaults:3)
  6 emperor scorpions
  4 ghost moths
  Aizul (Swamp:2)
  Louise (Swamp:3)
  6 deep elf sorcerers
  5 vault wardens
  10 ironheart preservers
  4 deep elf elementalists (Elf:3)
  2 war gargoyles
  4 stone giants
  6 deep elf annihilators
  2 entropy weavers (Spider:4)
  4 deep elf demonologists
  2 spark wasps
  A crystal guardian (Vaults:3)
  3 bunyips
  A green death (Abyss:5)
  10 eleionomae
  2 blizzard demons (Abyss:5)
  4 fire dragons
  6 deep elf high priests
  6 yaktaur captains
  10 deep elf death magi
  2 great orbs of eyes (Vaults:2)
  2 shambling mangroves
  8 ice dragons
  30 hydras
  3 vault guards
  10 boulder beetles
  4 ghost crabs
  Erica (D:11)
  A merfolk avatar (Lair:6)
  25 two-headed ogres
  The ghost of Ayazi56 the Cleaver, a journeyman OpFi of Okawaru (Lair:1)
  2 catoblepae
  12 centaur warriors
  3 death knights
  9 alligators
  29 dancing weapons
  A deep troll shaman (Vaults:2)
  9 ogre magi
  A queen ant (Spider:4)
  A deep troll earth mage (Vaults:2)
  2 tengu warriors (D:14)
  2 spriggan berserkers (Swamp:4)
  6 death yaks
  Urug (Lair:6)
  4 thrashing horrors (Abyss:5)
  An orc high priest (Elf:2)
  32 deep elf knights
  5 large abominations
  2 wretched stars (Abyss:5)
  A shadow wraith (Vaults:2)
  Nergalle (Lair:3)
  3 hell knights (Vaults:2)
  A fire crab (shapeshifter) (Vaults:3)
  A fire crab (Lair:6)
  4 unseen horrors
  5 skeletal warriors
  8 spriggan druids
  8 deep trolls (Vaults:2)
  12 bog bodies
  8 goliath frogs
  25 deep elf archers
  A glowing orange brain (Vaults:2)
  4 wizards
  12 swamp dragons
  2 phantasmal warriors (Vaults:1)
  3 necromancers (Vaults:2)
  11 orb spiders
  13 orc knights
  16 ironbrand convokers
  2 harpies
  17 ugly things
  A shining eye (shapeshifter) (Vaults:2)
  6 will-o-the-wisps
  A salamander (shapeshifter) (Vaults:1)
  26 wolf spiders
  A faun (shapeshifter) (D:13)
  5 orc sorcerers
  85 deep elf magi
  2 manticores
  7 cyclopes
  3 moths of wrath
  Maurice (Orc:1)
  13 elephants
  A black mamba (Lair:2)
  An ice statue (IceCv)
  5 vault sentinels
  A smoke demon (Abyss:5)
  22 cane toads
  A cane toad (shapeshifter) (Vaults:2)
  2 torpor snails (Spider:2)
  A yaktaur (shapeshifter) (Vaults:1)
  A kobold demonologist (D:14)
  7 freezing wraiths
  11 rime drakes
  2 efreet
  9 komodo dragons
  34 yaktaurs
  10 demonic crawlers
  4 ice devils (IceCv)
  4 anaconda simulacra (IceCv)
  7 tyrant leeches
  2 golden dragon simulacra (IceCv)
  A harpy zombie (D:15)
  A polar bear (shapeshifter) (Elf:1)
  A queen bee (Spider:1)
  A troll (shapeshifter) (Vaults:1)
  A hornet (shapeshifter) (D:14)
  3 meliai (Spider:1)
  2 polar bears (Lair:6)
  8 trolls
  15 jumping spiders
  A tengu simulacrum (Vaults:2)
  24 hornets
  17 slime creatures
  Grinder (D:5)
  2 wolf spider simulacra (IceCv)
  18 blink frogs
  A tarantella (shapeshifter) (D:15)
  4 shadows
  A dire elephant simulacrum (IceCv)
  2 starcursed masses (Vaults:1)
  10 spriggans
  7 air elementals
  29 tarantellas
  4 centaur simulacra
  3 water elementals
  45 redbacks
  2 vampires (D:12)
  9 wyverns
  A small abomination (Vaults:1)
  2 wraiths
  33 yaks
  6 hogs (Swamp:4)
  8 basilisks
  A fire bat (shapeshifter) (Vaults:1)
  6 fire elementals
  A chaos spawn (Abyss:5)
  13 vampire mosquitoes
  A steam dragon (D:12)
  2 death yak simulacra (IceCv)
  5 wargs
  2 harpy simulacra (IceCv)
  6 acid dragons
  25 soldier ants
  17 swamp worms
  18 water moccasins
  An iron troll simulacrum (IceCv)
  3 hydra simulacra (IceCv)
  A soldier ant (shapeshifter) (D:14)
  3 sky beasts
  7 swamp drakes
  2 black bears
  3 ice beasts
  27 orc warriors
  40 ogres
  2 phantoms
  2 ettin simulacra (IceCv)
  A necrophage (D:10)
  11 centaurs
  9 wolves
  4 big kobolds
  19 bullfrogs
  5 elf zombies (Ossuary)
  6 earth elementals
  2 human simulacra
  A scorpion (D:8)
  50 killer bees
  3 troll skeletons (Swamp:2)
  15 wights
  4 howler monkeys
  2 electric eels
  A bullfrog zombie (D:11)
  3 hounds
  3 human zombies (Ossuary)
  6 jellies
  21 orc priests
  4 bullfrog skeletons
  10 centaur zombies
  2 draconian simulacra (IceCv)
  A quasit (D:13)
  21 orc wizards
  5 centaur skeletons
  6 iguanas
  31 worker ants
  11 hell rats
  A spriggan simulacrum (IceCv)
  4 troll simulacra (IceCv)
  A killer bee zombie (D:8)
  A hound zombie (D:5)
  3 mummies (Ossuary)
  A worker ant zombie (D:11)
  7 gnolls
  A howler monkey zombie (D:8)
  An ogre simulacrum (IceCv)
  17 adders
  A river rat (D:3)
  2 naga simulacra (IceCv)
  A shadow imp (D:5)
  13 white imps
  14 ufetubi
  An ooze (D:6)
  4 adder zombies
  4 worms
  3 dart slugs
  5 leopard geckos
  103 orcs
  12 bats
  7 giant cockroaches
  16 goblins
  8 hobgoblins
  9 jackals
  6 quokkas
  A ball python skeleton (D:4)
  2 frilled lizards
  14 kobolds
  9 rats
  2 briar patches (Swamp:2)
  A crawling corpse (Vaults:2)
1745 creatures vanquished.

Vanquished Creatures (others)
  A yaktaur (Vaults:1)
  A bloated husk (Swamp:2)
  A human (Swamp:4)
  A wight (D:15)
  An orc priest (Elf:2)
  A white imp (IceCv)
  3 orcs
  A briar patch (Swamp:2)
  A crawling corpse (Elf:2)
  34 foxfires
  33 fungi
  58 plants
  9 toadstools (Swamp:2)
145 creatures vanquished.

Grand Total: 1890 creatures vanquished

Notes
Turn   | Place    | Note
-------+----------+-------------------------------------------
     0 | D:1      | tardwrangler69 the Minotaur Fighter began the quest for the
                  | Orb.
     0 | D:1      | Reached XP level 1. HP: 19/19 MP: 0/0
   166 | D:1      | Reached XP level 2. HP: 23/27 MP: 1/1
   311 | D:1      | Reached skill level 4 in Shields
   369 | D:1      | Reached skill level 1 in Dodging
   379 | D:1      | Reached XP level 3. HP: 17/33 MP: 2/2
   791 | D:2      | Reached XP level 4. HP: 40/40 MP: 3/3
  1060 | D:2      | Found an ancient bone altar of Kikubaaqudgha.
  1429 | D:2      | Found a sacrificial altar of Ru.
  1678 | D:3      | Reached XP level 5. HP: 47/47 MP: 4/4
  1710 | D:3      | Found a bloodstained altar of Trog.
  1776 | D:3      | Reached skill level 5 in Axes
  1776 | D:3      | Reached XP level 6. HP: 23/55 MP: 5/5
  2204 | D:3      | Found a glowing silver altar of Zin.
  2204 | D:3      | Found a shadowy altar of Dithmenos.
  2213 | D:3      | Reached skill level 5 in Fighting
  2862 | D:3      | Reached skill level 5 in Armour
  3118 | D:4      | Found a sparkling altar of Nemelex Xobeh.
  3267 | D:4      | Found a sacrificial altar of Ru.
  3271 | D:4      | Got a scorched brass ring
  3630 | D:4      | Found a snail-covered altar of Cheibriados.
  3632 | D:4      | Found an ancient bone altar of Kikubaaqudgha.
  3632 | D:4      | Found an ancient bone altar of Kikubaaqudgha.
  3635 | D:4      | Found an ancient bone altar of Kikubaaqudgha.
  3635 | D:4      | Found a shimmering altar of Xom.
  3635 | D:4      | Found a shimmering altar of Xom.
  3658 | D:5      | Entered Level 5 of the Dungeon
  3712 | D:5      | Reached XP level 7. HP: 56/61 MP: 6/6
  3817 | D:5      | Found a radiant altar of Vehumet.
  3919 | D:5      | Noticed a troll
  3928 | D:5      | Killed a troll
  4022 | D:5      | Noticed a +0 dagger
  4023 | D:5      | Noticed a +0 dagger
  4025 | D:5      | Found a hide-covered altar of Uskayaw.
  4026 | D:5      | Noticed Grinder
  4026 | D:5      | Paralysed by Grinder for 6 turns
  4051 | D:5      | Paralysed by Grinder for 2 turns
  4059 | D:5      | Killed Grinder
  4242 | D:5      | Reached XP level 8. HP: 55/70 MP: 7/7
  4913 | D:5      | Found Ugreh's Armour Emporium.
  5552 | D:6      | Reached skill level 5 in Dodging
  5836 | D:6      | Found a staircase to the Ecumenical Temple.
  5850 | Temple   | Entered the Ecumenical Temple
  5912 | Temple   | Became a worshipper of Warmaster Okawaru
  5975 | D:6      | Reached XP level 9. HP: 42/79 MP: 8/8
  6183 | D:6      | Found a blossoming altar of Fedhas.
  6551 | D:7      | Got an ancient rapier
  6573 | D:7      | Identified the +3 rapier of Cato {vorpal, rF+ Stlth+} (You
                  | found it on level 7 of the Dungeon)
  6577 | D:7      | Identified the ring "Xaleit" {*Tele rF++} (You found it on
                  | level 4 of the Dungeon)
  6692 | D:7      | Reached * piety under Okawaru
  7242 | D:8      | Found a sand-covered staircase.
  7247 | Ossuary  | Entered an ossuary
  7373 | Ossuary  | Reached skill level 10 in Axes
  7717 | D:8      | Reached ** piety under Okawaru
  7787 | D:8      | Found a staircase to the Lair.
  7987 | D:8      | Reached XP level 10. HP: 88/90 MP: 9/9
  8160 | D:8      | Found a stormy altar of Qazlal.
  8377 | D:8      | Found Wuhilydgh's Weapon Shoppe.
  8412 | D:8      | Found Gokliwud's Gadget Emporium.
  8503 | D:8      | Found Caloply's Distillery.
  8509 | D:8      | Bought a potion of heal wounds for 65 gold pieces
  8509 | D:8      | Bought a potion of heal wounds for 65 gold pieces
  8529 | D:8      | Found Igiuh's Armour Boutique.
  9180 | D:9      | Reached *** piety under Okawaru
  9497 | D:9      | Found Uhimukas's General Store.
  9850 | D:10     | Entered Level 10 of the Dungeon
  9872 | D:10     | Noticed a seven-headed hydra
  9944 | Lair:1   | Entered Level 1 of the Lair of Beasts
  9946 | Lair:1   | Noticed an oklob plant
  9947 | Lair:1   | Noticed a cane toad
  9953 | Lair:1   | Killed a cane toad
  9962 | Lair:1   | Noticed a cane toad
  9966 | Lair:1   | Killed a cane toad
 10022 | Lair:1   | Found a transporter.
 10024 | Lair:1   | Noticed Ayazi56's ghost (journeyman OpFi)
 10028 | Lair:1   | Noticed a moth of wrath
 10073 | Lair:1   | Reached **** piety under Okawaru
 10160 | Lair:1   | Found a transporter.
 10160 | Lair:1   | Noticed a cane toad
 10172 | Lair:1   | Noticed a moth of wrath
 10245 | Lair:1   | Noticed a cane toad
 10253 | Lair:1   | Killed a cane toad
 10836 | Lair:2   | Reached XP level 11. HP: 71/99 MP: 10/10
 11013 | Lair:2   | Reached ***** piety under Okawaru
 11055 | Lair:2   | Received a gift from Okawaru
 11060 | Lair:2   | Noticed a bog body
 11066 | Lair:2   | Killed a bog body
 11067 | Lair:2   | Reached skill level 10 in Fighting
 11067 | Lair:2   | Reached skill level 10 in Armour
 11722 | Lair:2   | Noticed a bog body
 11723 | Lair:2   | Noticed a bog body
 11731 | Lair:2   | Killed a bog body
 11731 | Lair:2   | Received a gift from Okawaru
 11731 | Lair:2   | Killed a bog body
 11732 | Lair:2   | Got a polished cloak {god gift}
 11738 | Lair:2   | Identified the +1 cloak "Morucs" {rElec rCorr Str+3}
                  | (Okawaru gifted it to you on level 2 of the Lair of Beasts)
 12000 | Lair:2   | Found a staircase to the Swamp.
 12198 | Lair:3   | You fall into a shaft and drop 2 floors!
 12198 | Lair:5   | Noticed a death yak
 12198 | Lair:5   | Noticed a death yak
 12198 | Lair:5   | Noticed a death yak
 12200 | Lair:5   | Found a staircase to the Slime Pits.
 12384 | Lair:4   | Found a runed translucent gate.
 12385 | Lair:4   | Found a runed translucent gate.
 12386 | Lair:4   | Found a runed translucent gate.
 12387 | Lair:4   | Noticed Qaduevar's ghost (journeyman GrFE)
 12389 | Lair:4   | Found a viscous altar of Jiyva.
 12405 | Lair:3   | Noticed an eight-headed hydra
 12414 | Lair:3   | Killed an eight-headed hydra
 12468 | Lair:3   | Noticed a four-headed hydra
 12486 | Lair:3   | Killed a 14-headed hydra
 12487 | Lair:3   | Reached XP level 12. HP: 49/110 MP: 9/11
 12733 | Lair:3   | Found a hole to the Spider Nest.
 12891 | Lair:3   | Noticed Nergalle
 12900 | Lair:3   | Killed Nergalle
 13473 | Lair:4   | Reached ****** piety under Okawaru
 13473 | Lair:4   | Received a gift from Okawaru
 13743 | Lair:4   | Reached skill level 10 in Dodging
 13781 | Lair:4   | Noticed a five-headed hydra
 13787 | Lair:4   | Killed a seven-headed hydra
 13788 | Lair:4   | Reached skill level 15 in Axes
 14492 | Lair:5   | Killed a death yak
 14502 | Lair:4   | Killed a death yak
 14508 | Lair:4   | Killed a death yak
 14902 | Lair:5   | Noticed a catoblepas
 14914 | Lair:5   | Killed a catoblepas
 15077 | Lair:5   | Identified Obanen's Grimoire of Spatial Toxins
 15623 | Lair:6   | Entered Level 6 of the Lair of Beasts
 15629 | Lair:6   | Reached XP level 13. HP: 118/118 MP: 12/12
 15653 | Lair:6   | Received a gift from Okawaru
 15654 | Lair:6   | Reached skill level 5 in Shields
 15836 | Lair:6   | Reached skill level 6 in Shields
 16486 | Lair:6   | Noticed Urug
 16491 | Lair:6   | Reached skill level 7 in Shields
 16502 | Lair:6   | Killed Urug
 16972 | Lair:5   | Reached skill level 8 in Shields
 17587 | Lair:6   | Received a gift from Okawaru
 17588 | Lair:6   | Found the +10 tower shield of Ignorance {rN+ Int-4}
 17776 | Lair:6   | Reached skill level 9 in Shields
 18151 | Lair:6   | Reached XP level 14. HP: 112/129 MP: 13/13
 19039 | Lair:6   | Got a polished chain mail
 19383 | Lair:1   | Killed Ayazi56's ghost
 19385 | Lair:1   | Received a gift from Okawaru
 19386 | Lair:1   | Reached skill level 1 in Invocations
 19393 | Lair:1   | Reached skill level 10 in Shields
 19453 | Lair:1   | Got a pitted hat
 19459 | Lair:1   | Identified the +0 hat of Keah {rPois rF+ rCorr Str+4} (You
                  | found it on level 1 of the Lair of Beasts)
 19682 | D:10     | Found a staircase to the Orcish Mines.
 19692 | D:10     | Found a roughly hewn altar of Beogh.
 20733 | D:11     | Noticed Erica
 20753 | D:11     | Killed Erica
 21920 | D:12     | Reached skill level 11 in Shields
 22304 | D:12     | Identified the +1 chain mail of the Candlemaker {rPois}
                  | (You found it on level 6 of the Lair of Beasts)
 22506 | D:13     | Reached skill level 5 in Invocations
 22521 | D:13     | Found a gate leading to a gauntlet.
 23133 | D:14     | Received a gift from Okawaru
 23480 | D:13     | Reached XP level 15. HP: 89/138 MP: 18/18
 23737 | D:14     | Gained mutation: Armour fits poorly on your strangely
                  | shaped body. [a neqoxec]
 23738 | D:14     | Gained mutation: Your body sometimes deteriorates upon
                  | taking damage. [a neqoxec]
 23741 | D:14     | Reached skill level 12 in Shields
 23931 | D:14     | Found a gate to the Vaults.
 24256 | D:14     | Got a pair of translucent boots {god gift}
 24262 | D:14     | Identified the +1 pair of boots of Fun and Games {+Blink
                  | rN+} (Okawaru gifted it to you on level 14 of the Dungeon)
 24503 | D:15     | Entered Level 15 of the Dungeon
 24515 | D:15     | Received a gift from Okawaru
 24540 | D:15     | Got a pair of shimmering gloves {god gift}
 24546 | D:15     | Identified the -1 pair of gloves of Lifal {rF+ rN+}
                  | (Okawaru gifted it to you on level 15 of the Dungeon)
 24684 | D:15     | Found a glowing silver altar of Zin.
 25185 | D:15     | Found a staircase to the Depths.
 26099 | Orc:1    | Entered Level 1 of the Orcish Mines
 26101 | Orc:1    | Found a bloodstained altar of Trog.
 26556 | Orc:2    | Entered Level 2 of the Orcish Mines
 26623 | Orc:2    | Found Xozxuz's Weapon Boutique.
 26623 | Orc:2    | Found Biwn's Antique Armour Shoppe.
 26635 | Orc:2    | Reached skill level 13 in Shields
 26669 | Orc:2    | Received a gift from Okawaru
 26686 | Orc:2    | Got a warped hat {god gift}
 26697 | Orc:2    | Identified the +0 hat "Forget-Me-Not" {Harm rF- Int+7}
                  | (Okawaru gifted it to you on level 2 of the Orcish Mines)
 26716 | Orc:2    | Found Nurch's Antique Weapon Emporium.
 26716 | Orc:2    | Found Socwyex's Armour Boutique.
 26840 | Orc:2    | Found a staircase to the Elven Halls.
 27283 | Orc:1    | Noticed Maurice
 27304 | Orc:1    | Killed Maurice
 27439 | Elf:1    | Entered Level 1 of the Elven Halls
 27649 | Elf:1    | Reached XP level 16. HP: 126/146 MP: 21/21
 27783 | Elf:1    | Reached skill level 15 in Fighting
 27788 | Elf:1    | Reached skill level 15 in Armour
 27802 | Elf:1    | Reached skill level 14 in Shields
 28141 | Elf:1    | Noticed a Hell Sentinel
 28150 | Elf:1    | Gained mutation: You are weak. (Str -2) [a cacodemon]
 28400 | Elf:1    | Received a gift from Okawaru
 28839 | Elf:1    | Found a runed translucent door.
 28840 | Elf:1    | Found a runed translucent door.
 28841 | Elf:1    | Found a runed translucent door.
 28926 | Elf:1    | Paralysed by an orc sorcerer for 2 turns
 29266 | Elf:1    | Identified Biynt's Papyrus of Attacks and the Entourage
 29429 | Elf:1    | Reached skill level 15 in Shields
 29443 | Elf:1    | Received a gift from Okawaru
 30148 | Elf:1    | Identified a scroll of acquirement
 30148 | Elf:1    | Acquired a +1 broad axe of electrocution
 30492 | Elf:2    | Received a gift from Okawaru
 30585 | Elf:2    | Noticed a Tzitzimitl
 31148 | Elf:2    | Reached XP level 17. HP: 142/158 MP: 22/22
 31156 | Elf:2    | Identified the +0 robe "Obaba" {*Corrode Str+4 Slay+3}
 31177 | Elf:1    | Reached skill level 16 in Shields
 32250 | Elf:2    | Found a runed translucent gate.
 32250 | Elf:2    | Found a runed translucent gate.
 32250 | Elf:2    | Found a runed translucent gate.
 32250 | Elf:2    | Found a runed translucent gate.
 32250 | Elf:2    | Found a runed translucent gate.
 32251 | Elf:2    | Found a runed translucent gate.
 32583 | Elf:2    | Found a huge runed translucent gate.
 32583 | Elf:2    | Found a huge runed translucent gate.
 32583 | Elf:2    | Found a huge runed translucent gate.
 32583 | Elf:2    | Found a huge runed translucent gate.
 32583 | Elf:2    | Found a huge runed translucent gate.
 32971 | Elf:2    | Received a gift from Okawaru
 33977 | Elf:3    | Entered Level 3 of the Elven Halls
 34323 | Elf:3    | Reached skill level 17 in Shields
 34444 | Elf:3    | Reached skill level 15 in Dodging
 34710 | Elf:3    | Received a gift from Okawaru
 34931 | Elf:3    | Identified the +6 scale mail of the Nexus {Str+3}
 35236 | Elf:3    | Noticed a deep elf master archer
 35956 | Elf:3    | Identified the ring "Xacinle" {Wiz +Fly SInv}
 36020 | Elf:3    | Noticed a deep elf blademaster
 36022 | Elf:3    | Noticed a deep elf master archer
 36033 | Elf:3    | Killed a deep elf blademaster
 36034 | Elf:3    | Identified the +0 chain mail of the Tortoise {Dex+4}
 36034 | Elf:3    | Noticed a deep elf master archer
 36034 | Elf:3    | Noticed a deep elf blademaster
 36053 | Elf:3    | Reached XP level 18. HP: 108/168 MP: 18/23
 36057 | Elf:3    | Received a gift from Okawaru
 36067 | Elf:3    | Got a translucent war axe {god gift}
 36084 | Elf:3    | Identified the +5 war axe of Watchfulness {pain, Int+4}
                  | (Okawaru gifted it to you on level 3 of the Elven Halls)
 36325 | Elf:3    | Found the +4 dagger "Morg" {pain, Will+ Int+5}
 36327 | Elf:3    | Found the +0 staff of Battle
 36329 | Elf:3    | Identified the Almanac of Arcane Weapons
 36342 | Elf:3    | Identified the Catalogue of Arcane Weapons
 36664 | Elf:3    | Reached skill level 18 in Shields
 36948 | Swamp:1  | Entered Level 1 of the Swamp
 37399 | Swamp:1  | Received a gift from Okawaru
 37764 | Swamp:1  | Identified the +0 pair of boots of the Wasteland {Will+
                  | Dex+4} (Okawaru gifted it to you on level 1 of the Swamp)
 37809 | Swamp:1  | Acquired 775 gold pieces
 38265 | Swamp:1  | Acquired 1029 gold pieces
 38527 | Swamp:2  | Identified Sif Muna's Guide on Calling and Moulding
 38730 | Swamp:2  | Noticed Donald
 38736 | Swamp:2  | Killed Donald
 39081 | Swamp:2  | Noticed Aizul
 39102 | Swamp:2  | Killed Aizul
 39570 | Swamp:2  | HP: 7/170 [eight-headed hydra (5)]
 39966 | Swamp:3  | Received a gift from Okawaru
 39973 | Swamp:3  | Identified the +0 pair of boots of Immorality {+Blink rN+
                  | Str+8 Int-3} (Okawaru gifted it to you on level 3 of the
                  | Swamp)
 40294 | Swamp:3  | Noticed Louise
 40324 | Swamp:3  | Killed Louise
 40325 | Swamp:3  | Reached skill level 19 in Shields
 41071 | Swamp:4  | Entered Level 4 of the Swamp
 41301 | Swamp:4  | Identified the +3 long sword "Pozeam" {flame, rElec rF+
                  | Will+ Str-2}
 41699 | Swamp:4  | Identified the +9 morningstar of Gallantry {vorpal, Int+6
                  | Stlth+}
 41716 | Swamp:4  | Reached XP level 19. HP: 76/178 MP: 24/24
 42797 | Swamp:4  | Noticed Kirke
 42808 | Swamp:4  | Killed Kirke
 42938 | Swamp:4  | Got a decaying rune of Zot
 43232 | Spider:1 | Entered Level 1 of the Spider Nest
 43303 | Spider:1 | Received a gift from Okawaru
 43306 | Spider:1 | Got a fine broad axe {god gift}
 43307 | Spider:1 | Identified the +4 broad axe "Cacik" {vorpal, rPois rF+ rC-
                  | SInv} (Okawaru gifted it to you on level 1 of the Spider
                  | Nest)
 43355 | Spider:1 | Found a frozen archway.
 43362 | IceCv    | Entered an ice cave
 44342 | IceCv    | Reached skill level 20 in Shields
 47063 | Spider:3 | Received a gift from Okawaru
 47661 | Spider:4 | Entered Level 4 of the Spider Nest
 48076 | Spider:4 | Noticed Arachne
 48089 | Spider:4 | Killed Arachne
 48090 | Spider:4 | Reached skill level 21 in Shields
 48144 | Spider:4 | Received a gift from Okawaru
 48501 | Spider:4 | Reached XP level 20. HP: 189/189 MP: 25/25
 48605 | Spider:4 | Received a gift from Okawaru
 49193 | Spider:4 | Got a gossamer rune of Zot
 49750 | Vaults:1 | Entered Level 1 of the Vaults
 49820 | Vaults:1 | Reached skill level 22 in Shields
 50131 | Vaults:1 | Found a portal to a secret trove of treasure.
 50188 | Trove    | Entered a treasure trove
 50191 | Trove    | Found the +8 Wrath of Trog {antimagic, *Rage}
 50201 | Trove    | Got an ancient flail
 50204 | Trove    | Got a brightly glowing broad axe
 50205 | Trove    | Identified the +8 flail "Irrin" {distort, Int+4 Dex-5
                  | Stlth+} (You found it in a treasure trove)
 50217 | Trove    | Got a brightly glowing triple sword
 50223 | Trove    | Identified the +10 broad axe of the New World {vorpal,
                  | +Rage Will- Str+2} (You found it in a treasure trove)
 50226 | Trove    | Gained mutation: You are occasionally teleported next to
                  | monsters. [mutagenic glow]
 50234 | Vaults:1 | Cast into level 5 of the Abyss (unwielding a weapon of
                  | distortion)
 50234 | Abyss:5  | Entered Level 5 of the Abyss
 50238 | Abyss:5  | Noticed a bone dragon
 50250 | Abyss:5  | Killed a bone dragon
 50358 | Abyss:5  | HP: 9/192 [blizzard demon/freezing blast (18)]
 50383 | Abyss:5  | Got an abyssal rune of Zot
 50384 | Abyss:5  | HP: 7/192 [starcursed mass/accursed screaming (5)]
 50388 | Vaults:1 | Escaped the Abyss
 51907 | Vaults:2 | Reached skill level 23 in Shields
 51996 | Vaults:2 | Found Woiky's General Store.
 52072 | Vaults:2 | Bought a scroll of acquirement for 728 gold pieces
 52072 | Vaults:2 | Acquired a manual of Armour
 52076 | Vaults:2 | Acquired 1300 gold pieces
 52108 | Vaults:2 | Paralysed by a floating eye for 2 turns
 52361 | Vaults:2 | Reached XP level 21. HP: 119/201 MP: 26/26
 52712 | Vaults:2 | Got a shimmering plate armour
 52716 | Vaults:2 | Noticed Bai Suzhen
 52729 | Vaults:2 | Killed Bai Suzhen
 52760 | Vaults:2 | Identified the cursed +0 plate armour of Dishonesty {rC+
                  | Will- Str+4 Slay+3} (You found it on level 2 of the Vaults)
 53008 | Vaults:2 | Reached skill level 24 in Shields
 53031 | Vaults:2 | Noticed Margery
 53034 | Vaults:2 | Noticed Frederick
 53051 | Vaults:2 | Killed Margery
 53054 | Vaults:2 | Killed Frederick
 53064 | Vaults:2 | Received a gift from Okawaru
 54298 | Vaults:3 | Found a transporter.
 54341 | Vaults:3 | Found a transporter.
 54472 | Vaults:3 | Reached skill level 25 in Shields
 54728 | Vaults:3 | Found Gearphod's Assorted Antiques.
 54761 | Vaults:3 | Bought a scroll of teleportation for 102 gold pieces
 54761 | Vaults:3 | Bought a potion of heal wounds for 170 gold pieces
 55088 | Vaults:3 | Received a gift from Okawaru
 55105 | Vaults:3 | Found a staircase to the Crypt.
 55260 | Vaults:3 | Reached XP level 22. HP: 207/209 MP: 27/27
 55756 | Vaults:3 | Killed from afar by a Brimstone Fiend

Illustrated notes

Levels and vault maps discovered:
D:1:      dpeg_arrival_short_road, layout_basic
D:2:      layout_basic, nicolae_overflow_crystal_walls, marbit_many_paths,
          minmay_octomino_e4
D:3:      layout_basic, gammafunk_temple_overflow_forgotten, serial_glass,
          glass_columns_c, glass_columns_a, gup_sewer_entry_spiral
D:4:      layout_loops_ring, doesnt_xom_only_xom,
          nemelex_xobeh_ov_fountains_minmay, eino_small_chamber_without_monster,
          nicolae_ru_awakened_eye
D:5:      layout_layer_cave, dancing_weapons_uskayaw, lemuel_round_altar,
          serial_shops, shop, uniq_grinder
D:6:      layout_basic, minmay_temple_entry_slanted, fedhas_altar_fruit_tree
D:7:      layout_basic
D:8:      layout_layer_cave, nicolae_qazlal_general_emergency, lair_entry_dummy,
          serial_shops, shop_fountains, shop, shop, shop, enter_ossuary_2
D:9:      layout_basic, serial_shops, shop_coins, st_stairs_2
D:10:     layout_gridville, minmay_orc_entry_temple_small,
          chequers_serial_rivers_micro_c, minivault_25_ag
D:11:     layout_long_grid, uniq_erica
D:12:     layout_cross, roderic_serpentine_path
D:13:     layout_roguey, gauntlet_entry_generic
D:14:     layout_cave_pods, david_vaults_5, nicolae_twisting_strands,
          minmay_mirror_moons_of_madness
D:15:     grunt_enter_depths_hoard, layout_rooms, basic_altar,
          chequers_serial_rivers_micro_e, pond
Temple:   nicolae_temple_x_marks_the_god
Lair:1:   layout_roguey, gammafunk_ghost_berserking_beasts,
          minmay_lair_oklob_chamber
Lair:2:   layout_regular_city, nicolae_swamp_entry_splash_gauntlet
Lair:3:   layout_chaotic_city, spider_nest_entry_a, grunt_megastairs_3,
          uniq_nergalle
Lair:4:   layout_roguey, gammafunk_ghost_ooze
Lair:5:   layout_loops_ring, minmay_slime_entry_pillars
Lair:6:   gammafunk_lair_ancient_temple, layout_cave_pods,
          infiniplex_staircase_pool, uniq_urug
Swamp:1:  layout_falls_marsh, nicolae_swamp_triple_paths
Swamp:2:  cheibrodos_swamp_tower_of_moss, layout_falls_marsh,
          hangedman_swamp_pad, cheibrodos_swamp_minitomb, uniq_aizul,
          uniq_donald
Swamp:3:  layout_basic_swamp, evilmike_swamp_ruin_house_3, swamp_pool1,
          uniq_louise
Swamp:4:  swamp_basic_johnstein, layout_basic_swamp,
          infiniplex_staircase_pool_2, uniq_kirke
Spider:1: layout_spider_delve, portal_ice_cave_entry_dragon, special_room
          [special_room_bee]
Spider:2: layout_spider_delve, drop_trap, hangedman_spider_trapstep
Spider:3: lemuel_spider_zombies
Spider:4: guppyfry_spider_rune, zaba_anthell, uniq_arachne
Orc:1:    nicolae_orc_accident_1, layout_diamond_mine, basic_altar, uniq_maurice
Orc:2:    st_orc_ogre_mass, layout_caves
Elf:1:    minmay_the_grid_triangle_9x9_recursive_3
          [minmay_the_grid_triangle_9x9_skeleton,
          minmay_the_grid_triangle_9x9_cache,
          minmay_the_grid_triangle_9x9_wacky_v,
          minmay_the_grid_triangle_9x9_prize_schism,
          minmay_the_grid_triangle_9x9_from_above,
          minmay_the_grid_triangle_9x9_thin_v,
          minmay_the_grid_triangle_9x9_fully_insulated_deathbox,
          minmay_the_grid_triangle_9x9_limited_checkers,
          minmay_the_grid_triangle_9x9_intruding_spiral], layout_onion_city,
          minmay_elf_sorcery, st_stairs_8
Elf:2:    layout_loops_corners, orc_legates
Elf:3:    minmay_elf_hall_statues, layout_geoelf_castle, drop_trap,
          serial_sigils_hangedman_writhe, ebering_dispersal_statue_hall,
          hangedman_elf_simple_split, hex_medium
Vaults:1: st_quartered_hall, v_misc_18, v_rooms_5,
          nicolae_vaults_inception_corners, nicolae_vaults_diagonal_hallway_8,
          nicolae_vaults_what_the_h, ontoclasm_vaults_decontamination,
          vaults_room_grunt_arrival_ludios, nicolae_vaults_alarming,
          layout_vaults_omnibox, enter_trove_0
Vaults:2: nicolae_vaults_twisting_passages, grunt_vaults_funneled_arena,
          v_misc_3, nicolae_vaults_little_squares_3, hangedman_vaults_slice,
          ontoclasm_vaults_chip, nicolae_vaults_theta, layout_vaults_omnigrid,
          serial_shops, nicolae_shop_statue_plus, uniq_bai_suzhen, uniq_margery,
          uniq_frederick
Vaults:3: gammafunk_its_a_trap, vaults_room_large_hall, v_pattern_4,
          minmay_crypt_entry_nasty_monster, v_rooms_1,
          nicolae_vaults_windows_and_doors_thing, hangedman_vaults_restitches,
          grunt_vaults_diagonal, v_misc_5, nicolae_vaults_little_squares_4,
          vaults_room_fancy_cross, vaults_room_door_ring,
          layout_vaults_big_cross, serial_shops, shop

Skill      XL: |  1  2  3  4  5  6  7  8  9 10 11 12 13 14 15 16 17 18 19 20 21 |
---------------+----------------------------------------------------------------+-----
Shields        | 4 9 11 13 15 17 19 21 23 25 | 25.0
Axes           | 3 4 5 6 7 9 11 12 14 16 17 19 20 | 20.0
Dodging        | 1 2 3 4 5 6 8 9 10 11 12 13 14 15 | 15.0
Fighting       | 4 5 6 7 8 9 11 12 13 14 16 17 18 20 | 20.0
Armour         | 4 5 6 7 8 9 11 12 13 14 15 16 20 | 20.6
Invocations    | 5 8 |  8.0

Action                   |  1- 3 |  4- 6 |  7- 9 | 10-12 | 13-15 | 16-18 | 19-21 | 22-24 || total
-------------------------+-------+-------+-------+-------+-------+-------+-------+-------++-------
Melee: War axe           |    57 |   188 |   311 |   372 |   831 |       |       |       ||  1759
       Headbutt          |    10 |    34 |    53 |    95 |   287 |   275 |   456 |     4 ||  1214
       Broad axe         |       |       |       |       |   228 |  1103 |  1452 |    19 ||  2802
Invok: Heroism           |       |       |       |     1 |     8 |    11 |     6 |     1 ||    27
       Finesse           |       |       |       |       |     1 |     5 |     5 |       ||    11
Evoke: Wand              |       |       |       |     8 |     4 |       |     1 |       ||    13
  Use: Scroll            |       |       |       |    15 |    20 |    14 |     5 |       ||    54
       Potion            |       |       |       |       |       |     2 |     8 |     2 ||    12
 Stab: Held in net/web   |       |       |       |       |       |       |    12 |       ||    12
       Petrifying        |       |       |       |       |       |       |     2 |       ||     2
       Distracted        |       |       |       |       |       |       |     1 |       ||     1
       Invisible         |       |       |       |       |       |       |       |     1 ||     1
Armor: Scale mail        |    37 |       |       |       |       |       |       |       ||    37
       Plate armour      |       |    62 |   120 |   224 |   312 |   185 |   234 |     1 ||  1138
Dodge: Dodged            |    32 |    66 |   121 |   215 |   551 |   411 |   452 |     2 ||  1850
Block: Kite shield       |    33 |   103 |   134 |   194 |   380 |       |       |       ||   844
       Tower shield      |       |       |       |       |   424 |  1150 |  1543 |    11 ||  3128
       Reflection        |       |       |       |       |       |       |   109 |       ||   109
